 Dungeon Sprint DCSS version 0.19-a0-1697-g0595f0e (webtiles) character file.

18554 poirepourri the Ninja (level 12, -7/50 HPs)
             Began as a Spriggan Enchanter on Sept 26, 2016.
             Was the Champion of Dithmenos.
             Splashed by an oklob plant's acid (15 damage)
             ... in the Dungeon (Sprint I: "Red Sonja").
             The game lasted 00:15:03 (4262 turns).

poirepourri the Ninja (Spriggan Enchanter)          Turns: 4262, Time: 00:15:04

Health: -7/50      AC:  2    Str:  8    XL:     12   Next: 28%
Magic:  32/32      EV: 32    Int: 18    God:    Dithmenos [******]
Gold:   45         SH:  0    Dex: 22    Spells: 5 memorised, 29 levels left

rFire  . . .     SeeInvis +     b - +4 dagger
rCold  + + .     Gourm    +     n - +5 robe of Night {Dark MR+ SInv}
rNeg   . . .     Faith    .     (shield restricted)
rPois  +         Spirit   .     o - +2 hat
rElec  .         Dismiss  .     (no cloak)
rCorr  .         Reflect  .     (gloves unavailable)
MR     ++++.     Harm     .     (boots unavailable)
Stlth  ++++++++++ NoTele   +    f - amulet of Descent {Gourm rPois Str+4 Int+4}
                                (no ring)
                                q - ring "Turr" {rC++ MR+}

@: corroded, very slightly contaminated, wreathed by umbra, studying Short
Blades, very quick
A: unfitting armour, see invisible, dopey 1, herbivore 3, speed 3, frail 1, slow
metabolism 2
a: Shadow Step, Shadow Form, Renounce Religion


You were in the Dungeon.
You worshipped Dithmenos.
Dithmenos was exalted by your worship.
You were full.

You visited 1 branch You collected 4688 gold pieces.
You spent 4643 gold pieces at shops.

Inventory:

Hand Weapons
 a - a +1 dagger
 b - a +4 dagger (weapon)
 k - a +0 dagger of venom
Armour
 l - the -4 hat "Zoninn" {rF+}
   (You bought it in a shop in the Dungeon)

   It protects you from fire.
 m - a +0 robe of magic resistance
 n - the +5 robe of Night (worn) {Dark MR+ SInv}
   (You bought it in a shop in the Dungeon)

   It affects your resistance to hostile enchantments.
   It lets you see invisible.
 o - a +2 hat (worn)
Jewellery
 f - the amulet of Descent (around neck) {Gourm rPois Str+4 Int+4}
   (You bought it in a shop in the Dungeon)

   [amulet of the gourmand]

   It allows you to eat raw meat even when not hungry.
   It affects your strength (+4).
   It affects your intelligence (+4).
   It protects you from poison.
 q - the ring "Turr" (left hand) {rC++ MR+}
   (You bought it in a shop in the Dungeon)

   [ring of protection from magic]

   It greatly protects you from cold.
   It affects your resistance to hostile enchantments.
Wands
 p - a wand of iceblast (5/15)
 r - a wand of heal wounds (4/9)
Scrolls
 j - 2 scrolls of blinking
Potions
 i - a potion of berserk rage
Books
 c - a book of Maledictions

   Spells                             Type                      Level
   a - Corona                         Hexes                        1
   b - Ensorcelled Hibernation        Hexes/Ice                    2
   c - Confuse                        Hexes                        3
   d - Tukima's Dance                 Hexes                        3
   e - Dazzling Spray                 Conjuration/Hexes            3
 g - a manual of Short Blades
Comestibles
 d - a bread ration


   Skills:
 + Level 2.4 Fighting
 + Level 9.9 Short Blades
 + Level 13.0 Dodging
 O Level 27 Stealth
 + Level 15.4 Spellcasting
 + Level 4.3 Conjurations
 + Level 17.4 Hexes
 - Level 3.1 Ice Magic
 - Level 0.4 Invocations


You had 29 spell levels left.
You knew the following spells:

 Your Spells              Type           Power        Failure   Level  Hunger
a - Corona                Hex            ######.      0%          1    None
b - Ensorcelled Hibernat  Hex/Ice        ######       1%          2    None
c - Confuse               Hex            ######..     0%          3    None
d - Tukima's Dance        Hex            ######..     0%          3    None
e - Dazzling Spray        Conj/Hex       ######       1%          3    None


Dungeon Overview and Level Annotations

Branches:
Dungeon (1/1)

Altars:
Cheibriados
Dithmenos
Elyvilon
Fedhas
Gozag
Hepliaklqana
Kikubaaqudgha
Makhleb
Nemelex Xobeh
Okawaru
Qazlal
Ru
Sif Muna
Trog
Uskayaw
Vehumet
Xom
Yredelemnul
Zin
The Shining One
Jiyva
Lugonu

Shops:
D =[*(=%(:=[=%!}:::=[[[

Annotations:
D exclusion: oklob plant


Innate Abilities, Weirdness & Mutations

You are very small and have problems with some larger weapons.
You are too small for most types of armour.
You have supernaturally acute eyesight. (SInv)
You are a herbivore.
You cover ground extremely quickly.
You need consume almost no food.
You are dopey. (Int -2)
You are frail. (-10% HP)


Message History

Aim: an oklob plant (moderately damaged, umbra)
The spray of energy hits the oklob plant.
The oklob plant is heavily damaged.
Casting: Dazzling Spray
Confirm with . or Enter, or press ? or * to list all spells.
Aiming: Dazzling Spray
Press: ? - help, Shift-Dir - straight line, f/p - oklob plant
Aim: an oklob plant (heavily damaged, umbra)
The spray of energy hits the oklob plant.
The oklob plant is heavily damaged.
Magic courses through your body.
Blink to where?
Press: ? - help, Dir - move target cursor You are very lightly contaminated with residual magic.
As you read the scroll of blinking, it crumbles to dust.
The oklob plant spits acid at you. The splash of acid hits you!
* * * LOW HITPOINT WARNING * * *
The acid corrodes you!
You are splashed with acid!
The acid burns!
You die...

.#'#.###§#|.[##§.#§.§§§#
##^..#y#.##...#..##§§§§#
.#...###..###.#..≈###+##
^'.....##.#A#.#..≈4}#
§#^..§.#..###.#.)≈e#
.###''##.##...#..≈##
###..###..#+###..≈#
####..###...#P≈§§##
#..#(.#.###.#M§§@#
#...§..§..#.###§§#
#...§§§...#.# +§§#
'......####+# ##+#
##...### #####


You could see a deep elf annihilator (sleeping), an oklob plant and a hellwing
(sleeping).

Vanquished Creatures
  A lorocyproca (D)
  A hydra (D)
  2 centaur warriors (D)
  Sonja (D)
  A deep troll (D)
  7 unseen horrors (D)
  A lindwurm (D)
  An oklob plant (D)
  8 shining eyes (D)
  2 sirens (D)
  A gargoyle (D)
  2 kobold demonologists (D)
  4 demonic crawlers (D)
  A slime creature (D)
  Sigmund (D)
  13 hogs (D)
  2 redbacks (D)
  A yak (D)
  7 floating eyes (D)
  5 wasps (D)
  7 necrophages (D)
  An ogre (D)
  8 jellies (D)
  Ijyb (D)
  A ballistomycete (D)
  A ballistomycete spore (D)
81 creatures vanquished.

Vanquished Creatures (others)
  A gargoyle (D)
  A ballistomycete spore (D)
2 creatures vanquished.

Grand Total: 83 creatures vanquished

Notes
Turn   | Place    | Note
-------+----------+-------------------------------------------
     0 | D        | poirepourri the Spriggan Enchanter began the quest for the Orb.
     0 | D        | Reached XP level 1. HP: 9/9 MP: 5/5
     1 | D        | Noticed Ijyb
    16 | D        | Killed Ijyb
    16 | D        | Reached skill level 6 in Stealth
    16 | D        | Reached skill level 5 in Hexes
    16 | D        | Reached XP level 2. HP: 7/13 MP: 5/7
   133 | D        | Learned a level 2 spell: Ensorcelled Hibernation
   135 | D        | Noticed an ogre
   140 | D        | Killed an ogre
   140 | D        | Reached skill level 5 in Dodging
   140 | D        | Reached skill level 8 in Stealth
   140 | D        | Reached XP level 3. HP: 15/16 MP: 8/10
   140 | D        | Reached XP level 4. HP: 20/21 MP: 8/11
   173 | D        | Learned a level 3 spell: Confuse
   177 | D        | Learned a level 3 spell: Tukima's Dance
   181 | D        | Learned a level 3 spell: Dazzling Spray
   182 | D        | Noticed Sigmund
   185 | D        | Killed Sigmund
   185 | D        | Reached skill level 11 in Stealth
   185 | D        | Reached XP level 5. HP: 25/25 MP: 9/14
   185 | D        | Reached XP level 6. HP: 29/29 MP: 10/16
   200 | D        | Found a deep blue altar of Sif Muna.
   229 | D        | Found a radiant altar of Vehumet.
   265 | D        | Found Cyzxue's Antique Weapon Emporium.
   265 | D        | Found an ancient bone altar of Kikubaaqudgha.
   265 | D        | Found a hazy altar of Hepliaklqana.
   265 | D        | Found a stormy altar of Qazlal.
   265 | D        | Found a hide-covered altar of Uskayaw.
   265 | D        | Found a blossoming altar of Fedhas.
   265 | D        | Found a bloodstained altar of Trog.
   265 | D        | Found an iron altar of Okawaru.
   265 | D        | Found a basalt altar of Yredelemnul.
   265 | D        | Found a glowing golden altar of the Shining One.
   265 | D        | Found a snail-covered altar of Cheibriados.
   265 | D        | Found a sacrificial altar of Ru.
   265 | D        | Found a glowing silver altar of Zin.
   265 | D        | Found a shadowy altar of Dithmenos.
   265 | D        | Found a white marble altar of Elyvilon.
   265 | D        | Noticed a yak
   266 | D        | Found an opulent altar of Gozag.
   267 | D        | Killed a yak
   267 | D        | Reached skill level 5 in Short Blades
   267 | D        | Reached skill level 12 in Stealth
   267 | D        | Reached skill level 10 in Hexes
   268 | D        | Found a sparkling altar of Nemelex Xobeh.
   277 | D        | Became a worshipper of Dithmenos the Shadowed
   297 | D        | Found a burning altar of Makhleb.
   297 | D        | Found a viscous altar of Jiyva.
   297 | D        | Found a shimmering altar of Xom.
   297 | D        | Found a corrupted altar of Lugonu.
   297 | D        | Noticed a slime creature
   300 | D        | Killed a slime creature
   300 | D        | Reached skill level 1 in Fighting
   300 | D        | Reached skill level 13 in Stealth
   300 | D        | Reached XP level 7. HP: 33/33 MP: 16/18
   323 | D        | Noticed Sonja
   327 | D        | Killed Sonja
   327 | D        | Reached skill level 15 in Stealth
   327 | D        | Reached XP level 8. HP: 37/37 MP: 19/21
   342 | D        | Noticed a deep troll
   346 | D        | Killed a deep troll
   346 | D        | Reached * piety under Dithmenos
   346 | D        | Reached skill level 17 in Stealth
   360 | D        | Found Kaolaxtu's Armour Emporium.
   385 | D        | Found Vuorroill's Jewellery Boutique.
   467 | D        | Noticed a centaur warrior
   468 | D        | Noticed a centaur warrior
   470 | D        | HP: 1/37 [centaur warrior/arrow (33)]
   478 | D        | Killed a centaur warrior
   478 | D        | Reached skill level 10 in Dodging
   478 | D        | Reached skill level 18 in Stealth
   478 | D        | Reached XP level 9. HP: 21/41 MP: 11/23
   482 | D        | Killed a centaur warrior
   482 | D        | Reached ** piety under Dithmenos
   482 | D        | Reached skill level 19 in Stealth
   482 | D        | Reached skill level 1 in Ice Magic
   654 | D        | Killed a gargoyle
   732 | D        | Noticed an oklob plant
   734 | D        | Killed an oklob plant
   734 | D        | Reached skill level 10 in Spellcasting
   751 | D        | Reached skill level 20 in Stealth
   841 | D        | Noticed an unseen horror
   842 | D        | Noticed an unseen horror
   848 | D        | Killed an unseen horror
   848 | D        | Reached *** piety under Dithmenos
   848 | D        | Reached XP level 10. HP: 45/45 MP: 25/25
   850 | D        | Killed an unseen horror
   850 | D        | Reached skill level 21 in Stealth
   870 | D        | Reached **** piety under Dithmenos
   900 | D        | Reached ***** piety under Dithmenos
  1110 | D        | Found Iqolih's Jewellery Boutique.
  1111 | D        | Found Egyt's Antique Armour Emporium.
  1112 | D        | Found Abbun's Antique Armour Emporium.
  1120 | D        | Reached skill level 1 in Conjurations
  1122 | D        | Reached skill level 15 in Hexes
  1257 | D        | Found Buiryh's Book Shoppe.
  1257 | D        | Found Plog's Weapon Shop.
  1257 | D        | Found Ceipluam's Jewellery Boutique.
  1259 | D        | Found Xaisas's Antique Armour Emporium.
  1259 | D        | Found Afapen's Jewellery Shop.
  1259 | D        | Found Leprytiu's Food Shoppe.
  1259 | D        | Found Viubept's Distillery.
  1259 | D        | Found Yskostri's Gadget Emporium.
  1259 | D        | Found Ocyxoliyty's Book Shop.
  1259 | D        | Found Yzxoq's Book Shoppe.
  1263 | D        | Found Baodighi's Book Boutique.
  1279 | D        | Bought the amulet of Descent {Gourm rPois Str+4 Int+4} for 754 gold pieces
  1280 | D        | Bought a warped hat for 234 gold pieces
  1285 | D        | Identified the cursed -4 hat "Zoninn" {rF+} (You bought it in a shop in the Dungeon)
  1293 | D        | Bought a runed robe for 16 gold pieces
  1324 | D        | Bought the +5 robe of Night {Dark MR+ SInv} for 1105 gold pieces
  1324 | D        | Bought a glowing hat for 104 gold pieces
  1495 | D        | Reached skill level 22 in Stealth
  1508 | D        | Reached ****** piety under Dithmenos
  1791 | D        | Noticed a lindwurm
  1794 | D        | Killed a lindwurm
  1794 | D        | Reached skill level 23 in Stealth
  1794 | D        | Reached XP level 11. HP: 47/47 MP: 28/28
  1827 | D        | Noticed a lorocyproca
  1926 | D        | Killed a lorocyproca
  2224 | D        | Bought the ring "Turr" {rC++ MR+} for 693 gold pieces
  2779 | D        | Noticed a 12-headed hydra
  2781 | D        | Killed a 12-headed hydra
  2781 | D        | Reached skill level 24 in Stealth
  2882 | D        | Noticed a deep elf annihilator
  2897 | D        | Noticed a daeva
  2900 | D        | Noticed an unseen horror
  2900 | D        | Noticed an unseen horror
  2900 | D        | Noticed an unseen horror
  2901 | D        | Noticed an unseen horror
  2903 | D        | Killed an unseen horror
  2908 | D        | Killed an unseen horror
  2910 | D        | Killed an unseen horror
  2911 | D        | Noticed an unseen horror
  2913 | D        | Killed an unseen horror
  2913 | D        | Reached skill level 25 in Stealth
  2915 | D        | Killed an unseen horror
  3151 | D        | Bought a manual of Short Blades for 1104 gold pieces
  3153 | D        | Bought a wand of heal wounds (4/9) for 528 gold pieces
  3200 | D        | Noticed a shining eye
  3200 | D        | Noticed a shining eye
  3200 | D        | Noticed a shining eye
  3200 | D        | Noticed a shining eye
  3200 | D        | Noticed a shining eye
  3202 | D        | Noticed a shining eye
  3202 | D        | Gained mutation: You are dopey. (Int -2) [a shining eye]
  3205 | D        | Paralysed by a floating eye for 2 turns
  3217 | D        | Gained mutation: You are frail. (-10% HP) [a shining eye]
  3220 | D        | Killed a shining eye
  3362 | D        | Noticed a shining eye
  3363 | D        | Killed a shining eye
  3364 | D        | Killed a shining eye
  3364 | D        | Reached XP level 12. HP: 46/46 MP: 26/31
  3366 | D        | Reached skill level 26 in Stealth
  3372 | D        | Reached skill level 15 in Spellcasting
  3621 | D        | Found Wutuhaz's Antique Armour Shoppe.
  3621 | D        | Found Quuvupyo's Food Boutique.
  3621 | D        | Found Enus's Assorted Antiques.
  3622 | D        | Found Imezuut's Jewellery Shop.
  3629 | D        | Bought a scroll of identify for 42 gold pieces
  3985 | D        | Bought a scroll of remove curse for 63 gold pieces
  4229 | D        | Noticed a mummy priest
  4230 | D        | Reached skill level 27 in Stealth
  4254 | D        | HP: 1/50 [acid (12)]
  4262 | D        | Splashed by an oklob plant's acid

Vault maps used:
D:        dungeon_sprint_1

Skill      XL: |  1  2  3  4  5  6  7  8  9 10 11 12 |
---------------+-------------------------------------+-----
Dodging        | 4 5 6 8 9 10 11 12 13 | 13.0
Stealth        | 6 8 11 13 15 18 20 23 25 27 | 27.0
Spellcasting   | 3 4 6 7 8 9 10 12 14 15 | 15.4
Hexes          | 5 7 9 11 12 13 14 15 17 | 17.4
Short Blades   | 3 4 5 6 7 8 9 |  9.9
Fighting       | 1 2 |  2.4
Ice Magic      | 2 3 |  3.1
Conjurations   | 3 4 |  4.3
Invocations    | |  0.4

Action                   |  1- 3 |  4- 6 |  7- 9 | 10-12 || total
-------------------------+-------+-------+-------+-------++-------
Melee: Dagger            |    17 |     4 |    17 |   115 ||   153
 Cast: Ensorcelled Hiber |       |     1 |     9 |    32 ||    42
       Dazzling Spray    |       |       |     1 |    48 ||    49
Invok: Shadow Step       |       |       |       |    11 ||    11
  Use: Potion            |       |       |     1 |     7 ||     8
       Scroll            |       |       |     1 |     4 ||     5
 Stab: Sleeping          |     2 |     4 |     9 |    52 ||    67
       Invisible         |       |       |       |     4 ||     4
  Eat: Bread ration      |       |       |       |     1 ||     1
Armor: Robe              |       |       |     1 |     4 ||     5
Dodge: Dodged            |    10 |     1 |     8 |   103 ||   122
